 Dungeon Crawl Stone Soup version 0.20-a0-830-g2c9a30d (webtiles) character file.

516 M4edhros the Slasher (level 7, -1/73 HPs)
             Began as an Octopode Fighter on Mar 7, 2017.
             Was an Initiate of Gozag.
             Slain by Pikel
             ... wielding a +1 whip of electrocution
              (14 damage)
             ... on level 4 of the Dungeon.
             The game lasted 00:03:49 (3544 turns).

M4edhros the Slasher (Octopode Fighter)             Turns: 3544, Time: 00:03:50

Health: -1/73      AC: 23    Str: 14 (15) XL:     7   Next: 20%
Magic:  0/7        EV:  2    Int:  7 (10) God:    Gozag
Gold:   417        SH: 10    Dex: 13 (14) Spells: 6/6 levels left

rFire    . . .     SeeInvis .   a - +0 long sword
rCold    . . .     Gourm    .   b - +1 shield
rNeg     + + +     Faith    .   (helmet currently unavailable)
rPois    +         Spirit   +   r - amulet of guardian spirit
rElec    .         Reflect  .   p - ring of protection from magic
rCorr    .         Harm     .   (no ring)
MR       +....     NoTele   +   (no ring)
Stlth    +.........             (no ring)
Regen    0.3/turn               (no ring)
MPRegen  0.1/turn               (no ring)
                                (no ring)
                                (no ring)

@: tree-form, very slightly contaminated, hasted, very quick
A: almost no armour, stealthy swim, (amphibious), 8 rings, (constrict 8),
(camouflage 0), (gelatinous body 0)
a: Potion Petition, Call Merchant, Bribe Branch, Renounce Religion


You were on level 4 of the Dungeon.
You worshipped Gozag.
Gozag was aware of your devotion.
You were very hungry.
You were a tree.
You visited 1 branch of the dungeon, and saw 4 of its levels.

You collected 448 gold pieces.
You paid 31 gold pieces to Gozag.

Inventory:

Hand Weapons
 a - a +0 long sword (weapon)
Missiles
 s - 26 sling bullets
Armour
 b - a +1 shield (worn)
Jewellery
 m - an uncursed amulet of faith
 p - a ring of protection from magic (left branch)
 r - an amulet of guardian spirit (around neck)
Scrolls
 h - a scroll of recharging
 l - 2 scrolls of immolation
 o - a scroll of remove curse
Potions
 i - 3 potions of haste
 k - a potion of brilliance
 q - a potion of flight
Books
 u - a book of Changes

   Spells                             Type                      Level
   a - Beastly Appendage              Transmutation                1
   b - Sticks to Snakes               Transmutation                2
   c - Spider Form                    Transmutation/Poison         3
   d - Ice Form                       Ice/Transmutation            4
   e - Blade Hands                    Transmutation                5
Comestibles
 d - a bread ration
 v - a meat ration


   Skills:
 + Level 4.3 Fighting
 * Level 5.2 Long Blades
 + Level 4.4 Dodging
 + Level 4.2 Shields


You had 6 spell levels left.
You didn't know any spells.

Dungeon Overview and Level Annotations

Branches:
Dungeon (4/15)
 Temple: D:4-7

Altars:
Gozag
Nemelex Xobeh

Annotations:
D:4 Pikel


Innate Abilities, Weirdness & Mutations

You cannot wear most types of armour.
You are very stealthy in the water. (Stealth+)
((You are amphibious.))
You can wear up to eight rings at the same time.
((You can use your tentacles to constrict eight enemies at once.))
((Your skin changes colour to match your surroundings (Stealth+).))
((Your rubbery body absorbs attacks. (AC +1, EV +1)))


Message History

The jackal bites you but does no damage.
You hit Pikel but do no damage.
Pikel is almost dead.
Pikel hits you but does no damage.
The jackal bites you but does no damage.
You barely miss Pikel.
Pikel is almost dead.
The jackal bites you but does no damage.
Pikel hits you but does no damage.
You barely miss Pikel.
Pikel is almost dead.
The jackal bites you but does no damage.
Pikel hits you with a whip of electrocution.
* * * LOW HITPOINT WARNING * * *
The jackal bites you but does no damage.
You barely miss Pikel.
Pikel is almost dead.
Pikel hits you but does no damage.
You are electrocuted!
You die...
Your body crumbles into a pile of gold.

#######.# .#
#...K...# .(
#.####### .## #.#
.. # #.# ####.# ..#
#K# ###....##....
#.# ##...#).....#
#.#####h......##..#
#..pK♣hh..[.#.#
#######.>...#.#
##<...#.. ##.#.####
...#.# #####.# #.#
#.# #.# #.# #.# #.#


You could see Pikel, a slave and 3 jackals.

Vanquished Creatures
  Edmund (D:4)
  3 slaves (D:4)
  An ogre (D:4)
  A scorpion (D:4)
  Crazy Yiuf (D:2)
  An orc priest (D:4)
  An iguana (D:4)
  A worker ant zombie (D:3)
  Robin (D:2)
  5 adders
  2 oozes
  A worm (D:2)
  A dart slug (D:2)
  A leopard gecko (D:2)
  5 orcs (D:4)
  8 bats
  10 giant cockroaches
  18 goblins
  10 hobgoblins
  3 jackals (D:3)
  A quokka (D:3)
  5 frilled lizards
  8 kobolds
  10 rats
99 creatures vanquished.

Notes
Turn   | Place    | Note
-------+----------+-------------------------------------------
     0 | D:1      | M4edhros the Octopode Fighter began the quest for the Orb.
     0 | D:1      | Reached XP level 1. HP: 16/16 MP: 1/1
   175 | D:1      | Reached XP level 2. HP: 19/21 MP: 2/2
   532 | D:1      | Reached XP level 3. HP: 26/26 MP: 3/3
   562 | D:2      | HP: 1/26 [goblin/club (4)]
   797 | D:2      | Reached skill level 3 in Long Blades
   815 | D:2      | Reached XP level 4. HP: 31/31 MP: 4/4
   848 | D:2      | Noticed Robin
   860 | D:2      | Killed Robin
   900 | D:2      | Found a runed door.
  1243 | D:2      | Noticed Crazy Yiuf
  1248 | D:2      | Killed Crazy Yiuf
  1463 | D:2      | Found a sparkling altar of Nemelex Xobeh.
  1514 | D:2      | Reached XP level 5. HP: 33/37 MP: 5/5
  1701 | D:3      | Found an opulent altar of Gozag.
  1723 | D:3      | Became a worshipper of Gozag Ym Sagoz the Greedy
  2464 | D:3      | Reached skill level 4 in Long Blades
  2753 | D:4      | Noticed an ogre
  3066 | D:4      | Noticed Edmund
  3080 | D:4      | Killed Edmund
  3080 | D:4      | Reached XP level 6. HP: 14/43 MP: 1/6
  3342 | D:4      | Reached skill level 5 in Long Blades
  3342 | D:4      | Reached XP level 7. HP: 27/48 MP: 5/7
  3473 | D:4      | Noticed Pikel
  3535 | D:4      | HP: 2/73 [Pikel/whip of electrocution (3)]
  3544 | D:4      | Slain by Pikel

Vault maps used:
D:1:      dpeg_arrival_windows_large_door, st_stairs_1
D:2:      first_bread, grunt_ministairs_5, minmay_misc_feat_more_columns,
          nemelex_lonely_heart_becter, uniq_crazy_yiuf_cottage, uniq_robin
D:3:      nicolae_gozag_seed_capital
D:4:      serial_glass, glass_columns_a, glass_columns_c, feat_on_display,
          feat_on_display, feat_on_display, item_on_display_a,
          kennysheep_generic_room_11, uniq_edmund, uniq_pikel

Skill      XL: |  1  2  3  4  5  6 |
---------------+-------------------+-----
Long Blades    | 3 4 5 |  5.2
Fighting       | 4 |  4.3
Dodging        | 4 |  4.4
Shields        | 4 |  4.2

Action                   |  1- 3 |  4- 6 |  7- 9 || total
-------------------------+-------+-------+-------++-------
Melee: Long sword        |    52 |   113 |    48 ||   213
       Constrict         |    21 |    36 |     5 ||    62
       Tentacles         |     6 |    38 |     6 ||    50
  Use: Potion            |     1 |     7 |     6 ||    14
       Scroll            |       |       |     8 ||     8
 Stab: Sleeping          |     4 |     5 |       ||     9
  Eat: Chunk             |       |     3 |       ||     3
       Bread ration      |       |     1 |       ||     1
Armor: Skin              |     8 |     8 |    30 ||    46
Dodge: Dodged            |    28 |    49 |    12 ||    89
Block: Shield            |    36 |    42 |    26 ||   104
       Rpst.: Long sword |    10 |    15 |     4 ||    29
